 Dungeon Crawl Stone Soup version 0.26.1-10-gdfb7c7de75 (console) character file.

Game seed: 16013263853099692808

235 erker the Vexing (level 5, -1/28 HPs)
             Began as a Vampire Enchanter on Apr 9, 2021.
             Slain by an orc
             ... wielding a +0 flail
              (11 damage)
             ... on level 4 of the Dungeon.
             The game lasted 00:22:44 (3156 turns).

erker the Vexing (Vampire Enchanter)                Turns: 3156, Time: 00:22:49

Health: -1/28      AC:  0    Str:  5 (7)  XL:     5   Next: 76%
Magic:  2/8        EV: 20    Int: 17 (19) God:
Gold:   194        SH:  0    Dex: 17 (19) Spells: 2/8 levels left

rFire    . . .     SeeInvis +   (weapon currently unavailable)
rCold    + + .     Faith    .   (shield currently unavailable)
rNeg     + + +     Spirit   .   (armour currently unavailable)
rPois    ∞         Reflect  .   (helmet currently unavailable)
rElec    .         Harm     .   (cloak currently unavailable)
rCorr    .         Rampage  .   (gloves currently unavailable)
Will     .....                  (boots currently unavailable)
Stlth    +++++.....             (no amulet)
HPRegen  0.00/turn              (ring currently unavailable)
MPRegen  0.11/turn              (ring currently unavailable)

@: bat-form, flying, bloodless, very quick
A: tiny, fangs 3, see invisible
a: Revivify, Stop Flying, End Transformation


You were on level 4 of the Dungeon.
You were in vampire-bat-form.
You visited 1 branch of the dungeon, and saw 4 of its levels.

You collected 194 gold pieces.

Inventory:

Hand Weapons
 a - a +1 dagger (melded)
 k - a +0 rapier
 w - the +9 flail "Momniyd" {drain, Will++, unknown}
   (You found it on level 4 of the Dungeon)

   A truly terrible weapon, it drains the life of those it strikes.
   It affects your willpower, your defense against some magical effects.
Missiles
 l - 45 arrows
 v - 4 atropa-tipped darts
Armour
 b - a +0 robe (melded)
Jewellery
 h - a cursed ring of attention (melded)
 m - an uncursed ring of stealth
 o - an uncursed ring of positive energy
 r - an uncursed ring of magical power {unknown}
 u - a +6 ring of intelligence (melded)
Wands
 p - a wand of random effects (21)
 q - a wand of polymorph (12)
Scrolls
 c - 3 scrolls of identify {unknown}
 g - 2 scrolls of enchant armour {unknown}
 i - a scroll of blinking {unknown}
 j - 4 scrolls of teleportation {unknown}
 s - a scroll of noise {unknown}
Potions
 d - a potion of berserk rage {unknown}
 e - a potion of flight {unknown}
 f - a potion of haste {unknown}
 n - 2 potions of lignification {unknown}
 t - a potion of invisibility {unknown}


   Skills:
 + Level 3.4 Short Blades
 - Level 2.1 Dodging
 - Level 5.0 Stealth
 - Level 2.0 Spellcasting
 - Level 5.2 Hexes
 - Level 4.0 Ice Magic


You had 2 spell levels left.
You knew the following spells:

 Your Spells              Type           Power        Failure   Level
a - Corona                Hex            21%          2%          1
c - Confusing Touch       Hex            19%          7%          3
z - Ensorcelled Hibernat  Hex/Ice        34%          4%          2

Your spell library contained the following spells:

 Spells                   Type           Power        Failure   Level
 Tukima's Dance           Hex            19%          7%          3
 Dazzling Flash           Conj/Hex       20%          21%         3


Dungeon Overview and Level Annotations

Branches:
Dungeon (4/15)
 Temple: D:4-7

Altars:
Zin

Shops:
D:4 !

Annotations:
D:3 2 runed translucent doors, Darold's ghost, amateur TeBe


Innate Abilities, Weirdness & Mutations

You do not regenerate when monsters are visible.
You are frail without blood (-20% HP).
You can heal yourself when you bite living creatures.
You are immune to poison.
You have razor-sharp teeth.
You have supernaturally acute eyesight. (SInv)
((You can survive without breathing.))


Message History

Aiming: Ensorcelled Hibernation (safe; 2% risk of failure)
Press: ? - help, Shift-Dir - straight line, f - worker ant
Aim: a worker ant (chance to affect: 63%)
The worker ant looks drowsy...
The orc closely misses you. The orc hits you with a +0 club.
The helpless worker ant fails to defend itself.
You impale the worker ant!!
You kill the worker ant!
The orc barely misses you. The orc hits you with a +0 flail!
The orc misses you.
There is a stone staircase leading up here.
A worker ant comes into view.
The worker ant moves out of view.
You turn into a vampire bat.
Your +1 dagger melds into your body.
Your +0 robe melds into your body.
Your cursed ring of attention melds into your body.
Your +6 ring of intelligence melds into your body.
You feel stupid.
You feel weakened.
You feel dopey.
You feel clumsy. The orc hits you with a +0 flail!
You die...

Z.... .....
...###..... ... ....
..... ... ### ...# .
##. #.. #∩##..# B.
...##.. #'#..##...
....##.##.........
.......#(........
#........b..........#.
...##.#oo##.....#.....
.......(.##......#....
..........####........
.........<.##.........
.........†.##.........
#...........##....(...
##.......#.###........
##........###>.....#.


You could see a worker ant (wandering) and 2 orcs.

Vanquished Creatures
  Ijyb (D:3)
  Natasha (twice) (D:2)
  A worker ant (D:4)
  6 gnolls
  3 adders (D:3)
  An ooze (D:2)
  A worm (D:3)
  A dart slug (D:3)
  2 leopard geckos
  An orc (D:4)
  2 giant cockroaches
  6 hobgoblins
  3 jackals (D:2)
  6 kobolds
  A quokka (D:2)
  2 bats
  7 frilled lizards
  A goblin (D:1)
  5 rats
52 creatures vanquished.

Notes
Turn   | Place    | Note
-------+----------+-------------------------------------------
     0 | D:1      | erker the Vampire Enchanter began the quest for the Orb.
     0 | D:1      | Reached XP level 1. HP: 13/13 MP: 3/3
   698 | D:2      | Reached skill level 5 in Hexes
   830 | D:2      | Reached XP level 2. HP: 19/19 MP: 5/5
   833 | D:2      | Learned a level 2 spell: Ensorcelled Hibernation
  1171 | D:2      | Reached skill level 1 in Ice Magic
  1249 | D:2      | Reached XP level 3. HP: 24/24 MP: 6/6
  1434 | D:2      | Noticed Natasha
  1444 | D:2      | Killed Natasha
  1577 | D:2      | Noticed Natasha
  1681 | D:2      | Reached XP level 4. HP: 30/30 MP: 2/7
  1901 | D:2      | Killed Natasha
  2143 | D:3      | Noticed Ijyb
  2212 | D:3      | Killed Ijyb
  2213 | D:3      | Reached skill level 5 in Stealth
  2213 | D:3      | Reached XP level 5. HP: 20/28 MP: 4/8
  2295 | D:3      | Found a glowing silver altar of Zin.
  2295 | D:3      | Found a runed translucent door.
  2295 | D:3      | Noticed an angel
  2711 | D:3      | Learned a level 3 spell: Confusing Touch
  2860 | D:3      | Found a runed translucent door.
  2866 | D:3      | Noticed Darold's ghost (amateur TeBe)
  3121 | D:4      | Got a twisted flail
  3129 | D:4      | Found Oner's Distillery.
  3156 | D:4      | Slain by an orc

Illustrated notes

Levels and vault maps discovered:
D:1:      minmay_arrival_doors, layout_loops_ring, minivault_11
D:2:      layout_basic, uniq_natasha
D:3:      layout_rooms, ebering_ghost_sewer_d, lemuel_angel_altar, uniq_ijyb
D:4:      layout_cave_pools, gup_sewer_entry_pipe, serial_shops,
          nicolae_shop_window_shopping, nicolae_ashenzari_panopticon

Skill      XL: |  1  2  3  4  5 |
---------------+----------------+-----
Hexes          | 5 |  5.2
Ice Magic      | 1 3 4 |  4.0
Stealth        | 5 |  5.0
Short Blades   | 3 |  3.4
Dodging        | |  2.1
Spellcasting   | |  2.0

Action                   |  1- 3 |  4- 6 || total
-------------------------+-------+-------++-------
Melee: Dagger            |   116 |    81 ||   197
       Bite              |     4 |     6 ||    10
 Cast: Corona            |     7 |       ||     7
       Ensorcelled Hiber |    16 |    29 ||    45
 Abil: Exsanguinate      |       |     2 ||     2
       Bat Form          |       |     1 ||     1
 Stab: Sleeping          |    15 |    17 ||    32
Armor: Robe              |    30 |     8 ||    38
Dodge: Dodged            |    75 |    79 ||   154
